 Dungeon Crawl Stone Soup version 0.31-a0-217-g58bb5d79cf (webtiles) character file.

Game seed: 10813073922866337116

103 qw the Shooter (level 4, 0/36 HPs)
             Began as a Minotaur Hexslinger on July 2, 2023.
             Slain by a gnoll
             ... wielding a +0 halberd
              (9 damage)
             ... on level 3 of the Dungeon.
             The game lasted 00:00:40 (1636 turns).

qw the Shooter (Minotaur Hexslinger)                Turns: 1636, Time: 00:00:40

Health: 0/36       AC:  7    Str: 12    XL:     4   Next: 51%
Magic:  4/4        EV: 12    Int: 10    God:
Gold:   101        SH:  0    Dex: 15    Spells: 4/5 levels left

rFire   . . .        Y - +1 sling
rCold   . . .        (no shield)
rNeg    . . .        c - +0 robe
rPois   .            (helmet restricted)
rElec   .            (no cloak)
rCorr   .            (no gloves)
SInv    .            e - +0 pair of boots
Will    .....        (no amulet)
Stlth   +            h - +4 ring of protection
HPRegen 0.26/turn    (no ring)
MPRegen 0.09/turn

%: no passive effects
@: no status effects
A: horns 2, retaliatory headbutt
a: no special abilities


You were on level 3 of the Dungeon.
You visited 1 branch of the dungeon, and saw 3 of its levels.

You collected 101 gold pieces.


Innate Abilities, Weirdness & Mutations

You have a pair of horns on your head.
You reflexively headbutt those who attack you in melee.


   Skills:
 + Level 2.0 Fighting
 - Level 5.1 Ranged Weapons
 - Level 2.1 Dodging
 - Level 1.0 Spellcasting
 - Level 2.0 Hexes


You had 4 spell levels left.
You knew the following spells:

 Your Spells              Type           Power      Damage    Failure   Level
a - Slow                  Hex            16%        N/A       16%         1

Your spell library contained the following spells:

 Spells                   Type           Power      Damage    Failure   Level
 Inner Flame              Hex/Fire       2%         N/A       56%         3
 Portal Projectile        Hex/Tloc       4%         N/A       56%         3
 Cause Fear               Hex            2%         N/A       83%         4

Inventory:

Hand Weapons
 Y - a +1 sling (weapon)
Armour
 c - a +0 robe (worn)
 e - a +0 pair of boots (worn)
Jewellery
 h - a +4 ring of protection (left hand)
Scrolls
 f - a scroll of identify {unknown}
Potions
 a - a potion of haste {unknown}
 b - a potion of brilliance {unknown}

Dungeon Overview and Level Annotations

Branches:
Dungeon (3/15)

Altars:


Message History

The gnoll is almost dead.
The gnoll hits you but does no damage.
The gnoll hits you from afar with a +0 halberd!
You shoot a sling bullet. The sling bullet hits the gnoll.
You kill the gnoll!
The gnoll barely misses you.
Your Ranged Weapons skill increases to level 5!
You shoot a sling bullet. The sling bullet hits the gnoll.
The gnoll is lightly wounded.
The gnoll closely misses you.
You shoot a sling bullet.
The sling bullet hits the gnoll but does no damage.
The gnoll is lightly wounded.
The gnoll closely misses you.
The gnoll hits you from afar with a +0 halberd.
You shoot a sling bullet. The sling bullet hits the gnoll.
The gnoll is heavily wounded.
The gnoll barely misses you.
You shoot a sling bullet.
The sling bullet hits the gnoll but does no damage.
The gnoll is heavily wounded.
The gnoll closely misses you.
You shoot a sling bullet.
The sling bullet hits the gnoll but does no damage.
The gnoll is heavily wounded.
The gnoll hits you from afar with a +0 halberd!
You shoot a sling bullet.
The sling bullet closely misses the gnoll.
The gnoll hits you from afar with a +0 halberd.
You shoot a sling bullet. The sling bullet hits the gnoll.
The gnoll is almost dead.
The gnoll hits you from afar with a +0 halberd.
You shoot a sling bullet.
The sling bullet barely misses the gnoll.
The gnoll closely misses you.
You shoot a sling bullet.
The sling bullet hits the gnoll but does no damage.
The gnoll is almost dead.
The gnoll hits you from afar with a +0 halberd!
You die...

..................
#......#.......... #
#......+........... ..
.......#............ ...
###............... >...
#...###...#....... .....
#.....#.###.......
.....g#...#.#....(......
......)@..+.............
......#)..#.............
......########..........
............##..........
............#####.......
[....................#.#
.................###....
.............###...#
....................


You could see a gnoll.

Vanquished Creatures
  3 gnolls (D:3)
  2 adders
  A worm (D:2)
  A dart slug (D:1)
  4 ball pythons
  6 endoplasms
  2 giant cockroaches
  5 goblins
  5 hobgoblins
  2 jackals (D:1)
  A quokka (D:1)
  4 bats
  3 frilled lizards (D:1)
  9 kobolds
  7 rats
55 creatures vanquished.

Notes
Turn   | Place    | Note
-------+----------+-------------------------------------------
     0 | D:1      | qw the Minotaur Hexslinger began the quest for the Orb.
     0 | D:1      | Reached XP level 1. HP: 16/16 MP: 1/1
     0 | D:1      | 0 ||| qw: Version: 0.3-a-40-ge99b1a8
     0 | D:1      | 0 ||| qw: Game counter: 203
     0 | D:1      | 0 ||| qw: Melee chars always use a shield: true
     0 | D:1      | 0 ||| qw: God list: Okawaru
     0 | D:1      | 0 ||| qw: Allow faded altars: false
     0 | D:1      | 0 ||| qw: Do Orc after clearing Dungeon:15 true
     0 | D:1      | 0 ||| qw: Do second Lair branch before Depths: true
     0 | D:1      | 0 ||| qw: Lair rune preference: random
     0 | D:1      | 0 ||| qw: Goals: Normal
     0 | D:1      | 0 ||| PLANNING D:1-11
    52 | D:1      | Reached skill level 3 in Ranged Weapons
    52 | D:1      | Reached XP level 2. HP: 23/23 MP: 2/2
   777 | D:1      | Reached XP level 3. HP: 29/29 MP: 3/3
   839 | D:1      | 839 ||| UPGRADING to +0 pair of boots.
   844 | D:1      | 844 ||| UPGRADING to +4 ring of protection.
   845 | D:1      | 845 ||| READING scroll labelled XAASULOYKH.
   846 | D:1      | 846 ||| READING scroll labelled ALETSAN GEIXI.
   847 | D:1      | 847 ||| DROPPING scroll of poison.
  1125 | D:2      | Reached skill level 4 in Ranged Weapons
  1183 | D:2      | 1183 ||| FLEEEEING.
  1188 | D:2      | 1188 ||| FLEEEEING.
  1542 | D:2      | 1542 ||| DRINKING 2 fizzy purple potions.
  1586 | D:3      | Reached XP level 4. HP: 33/36 MP: 4/4
  1622 | D:3      | HP: 8/36 [gnoll/+0 halberd (8)]
  1623 | D:3      | 1623 ||| DRINKING potion of heal wounds.
  1628 | D:3      | Reached skill level 5 in Ranged Weapons
  1634 | D:3      | HP: 8/36 [gnoll/+0 halberd (2)]
  1636 | D:3      | Slain by a gnoll

Levels and vault maps discovered:
D:1:      dreamdust_arrival_sigmund_warning, layout_loops_corners,
          corexii_item_surrounded_by_moat, minivault_23, serial_bayou_lake_a
D:2:      layout_loops_ring, nicolae_titane
D:3:      minmay_goblin_kobold_castle, layout_basic,
          chequers_ecumenical_altar_simple, uniq_jessica

Skill      XL: |  1  2  3  4 |
---------------+-------------+-----
Ranged Weapons | 3 4 5 |  5.1
Fighting       | 2 |  2.0
Dodging        | |  2.1
Spellcasting   | |  1.0
Hexes          | |  2.0

Action                     |  1- 3 |  4- 6 || total
---------------------------+-------+-------++-------
   Fire: Sling             |   137 |    25 ||   162
    Use: Scroll            |     2 |       ||     2
         Potion            |     1 |     1 ||     2
 Armour: Robe              |    19 |     4 ||    23
  Dodge: Dodged            |    40 |    16 ||    56

Table legend:
 A = Non-vault XP
 B = Vault XP
 C = Vault XP percentage of total XP
 D = Non-vault monster count
 E = Vault monster count
 F = Vault count percentage of total count
                 A         B        C        D         E       F
            +---------+---------+-------+---------+---------+-------
      Total |     148 |       0 |   0.0 |      55 |       0 |   0.0
            +---------+---------+-------+---------+---------+-------
        D:1 |      42 |       0 |   0.0 |      26 |       0 |   0.0
        D:2 |      50 |       0 |   0.0 |      24 |       0 |   0.0
        D:3 |      56 |       0 |   0.0 |       5 |       0 |   0.0
            +---------+---------+-------+---------+---------+-------
